 Dungeon Crawl Stone Soup version 0.24.0-123-gd5b16e6ec5 (webtiles) character file.

Game seed: 7385340663385466672, levelgen mode: deterministic

125 Martska the Chiller (level 5, -2/38 HPs)
             Began as a Merfolk Ice Elementalist on Jan 31, 2020.
             Succumbed to Sigmund's poison
             ... on level 4 of the Dungeon.
             The game lasted 00:09:30 (3963 turns).

Martska the Chiller (Merfolk Ice Elementalist)      Turns: 3963, Time: 00:09:31

Health: -2/38      AC: 10    Str:  8    XL:     5   Next: 9%
Magic:  4/9        EV: 12    Int: 14    God:
Gold:   291        SH:  3    Dex: 16    Spells: 1/9 levels left

rFire    . . .     SeeInvis .   c - +3 trident
rCold    . . .     Gourm    .   t - +0 buckler
rNeg     . . .     Faith    .   l - +1 leather armour
rPois    .         Spirit   .   p - +0 helmet
rElec    .         Reflect  .   (no cloak)
rCorr    .         Harm     .   (no gloves)
MR       +....                  (no boots)
Stlth    ++........             (no amulet)
HPRegen  0.12/turn              d - ring of protection from magic
MPRegen  0.11/turn              (no ring)

@: lethally poisoned (-2 -> -46), icy armour, very slightly contaminated
A: change form in water, swift swim, stealthy swim
a: no special abilities


You were on level 4 of the Dungeon.
You were very hungry.

You visited 1 branch of the dungeon, and saw 4 of its levels.

You collected 291 gold pieces.

Inventory:

Hand Weapons
 c - a +3 trident (weapon)
 e - a +0 club
 h - a +0 dagger
Armour
 a - a +0 robe
 j - a +0 leather armour
 l - a +1 leather armour (worn)
 p - a +0 helmet (worn)
 s - the -2 cloak of the Falcon {rCorr Stlth+}
   (You found it on level 4 of the Dungeon)

   It provides partial protection from all sources of acid and corrosion.
   It makes you more stealthy.
 t - a +0 buckler (worn)
Jewellery
 d - a ring of protection from magic (left hand)
Wands
 g - a wand of iceblast (12)
Scrolls
 f - a scroll of enchant weapon
 i - 4 scrolls of identify
Potions
 k - 2 potions of mutation
 m - a potion of curing {unknown}
 q - a potion of flight {unknown}
 r - a potion of invisibility {unknown}
Comestibles
 o - 3 rations


   Skills:
 + Level 2.0 Fighting
 + Level 0.7 Polearms
 + Level 3.7 Dodging
 + Level 3.1 Stealth
 + Level 2.7 Spellcasting
 - Level 0.7 Conjurations
 + Level 0.4 Charms
 + Level 4.0 Ice Magic


You had one spell level left.
You knew the following spells:

 Your Spells              Type           Power        Failure   Level  Hunger
a - Freeze                Ice            ##..         11%         1    #......
b - Ozocubu's Armour      Chrm/Ice       #.......     54%         3    ###....
c - Throw Icicle          Conj/Ice       #.......     90%         4    #####..

Your spell library contained the following spells:

 Spells                   Type           Power        Failure   Level  Hunger
 Magic Dart               Conj           #...         38%         1    #......
 Throw Frost              Conj/Ice       #.....       30%         2    ###....
 Searing Ray              Conj           #.....       52%         2    ###....
 Dazzling Spray           Conj/Hex       #.....       80%         3    ###....
 Summon Ice Beast         Ice/Summ       #.......     93%         4    #####..
 Force Lance              Conj/Tloc      #.......     99%         4    #####..
 Fulminant Prism          Conj/Hex       #.........   99%         4    #####..
 Iskenderun's Mystic Bla  Conj           #.......     99%         4    #####..


Dungeon Overview and Level Annotations

Branches:
Dungeon (4/15)
 Temple: D:4-7

Altars:
Kikubaaqudgha
Ru
Sif Muna
Wu Jian

Shops:
D:4 }

Annotations:
D:4 Sigmund


Message History

As you read the scroll labeled LAHYQYPRYW, it crumbles to dust.
It is a scroll of enchant armour.
Your +0 leather armour glows green for a moment.
You feel sick. Something hits you!
You are more poisoned.
As you read the scroll labeled REOLEU XARAHUNK, it crumbles to dust.
It is a scroll of identify.
k - 2 potions of mutation
* * * LOW HITPOINT WARNING * * *
You feel sick.
As you read the scroll labeled ZUORRU ACHI, it crumbles to dust.
The creatures around you are filled with an inner flame!
It was a scroll of immolation.
* * * LOW HITPOINT WARNING * * *
You feel very sick. Something hits you.
* * * LOW HITPOINT WARNING * * *
You are more poisoned.
You hit something.
You die...

#.....#...'..
+.....#...##.
#.....#...##.
#.....#...###
#.....'...#..
#.....#...#..
########..#.....#...#..
#....#.#..#.....#...#..
#.....@#..#.....#...#..
#..#..{#..#.....#####..
# #...#..#............
#...#..#..........†.
#...#..#............ #
#.....##............
#..#...................
#......#...##########..
#..##..#...'........+..


There were no monsters in sight!

Vanquished Creatures
  An orc wizard (D:3)
  2 adders
  An ooze (D:1)
  3 worms
  3 dart slugs
  A leopard gecko (D:3)
  2 orcs (D:3)
  3 giant cockroaches
  8 goblins
  9 hobgoblins
  8 kobolds
  A quokka (D:3)
  11 bats
  2 frilled lizards
  4 rats
59 creatures vanquished.

Notes
Turn   | Place    | Note
-------+----------+-------------------------------------------
     0 | D:1      | Martska the Merfolk Ice Elementalist began the quest for
                  | the Orb.
     0 | D:1      | Reached XP level 1. HP: 13/13 MP: 3/3
    56 | D:1      | Reached XP level 2. HP: 15/20 MP: 0/5
   655 | D:1      | Reached skill level 1 in Fighting
   900 | D:1      | Reached XP level 3. HP: 19/26 MP: 6/6
  2046 | D:2      | Found a shimmering blue altar of Sif Muna.
  2046 | D:2      | Found a sacrificial altar of Ru.
  2221 | D:2      | Found an ornate altar of the Wu Jian Council.
  2281 | D:2      | Reached XP level 4. HP: 25/32 MP: 5/7
  2856 | D:3      | Learned a level 3 spell: Ozocubu's Armour
  2861 | D:3      | Learned a level 4 spell: Throw Icicle
  3619 | D:3      | Reached XP level 5. HP: 28/38 MP: 9/9
  3750 | D:4      | Found Weurynk's Gadget Shoppe.
  3785 | D:4      | Got a bloodstained cloak
  3791 | D:4      | Identified the -2 cloak of the Falcon {rCorr Stlth+} (You
                  | found it on level 4 of the Dungeon)
  3806 | D:4      | Found an ancient bone altar of Kikubaaqudgha.
  3822 | D:4      | Reached skill level 4 in Ice Magic
  3937 | D:4      | Noticed Sigmund
  3963 | D:4      | Succumbed to Sigmund's poison

Levels and vault maps discovered:
D:1:      dpeg_arrival_refuge, layout_basic
D:2:      layout_rooms, marbit_many_paths, gammafunk_temple_overflow_wave
D:3:      layout_basic, first_ration
D:4:      layout_gridville, overflow_temple_1_default, kiku_gazebo_pond_becter,
          serial_shops, shop, sigmund_edmund_badplayer

Skill      XL: |  1  2  3  4  5 |
---------------+----------------+-----
Dodging        | 3 |  3.7
Fighting       | 1 2 |  2.0
Stealth        | 3 |  3.1
Ice Magic      | 4 |  4.0
Polearms       | |  0.7
Spellcasting   | |  2.7
Conjurations   | |  0.7
Charms         | |  0.4

Action                   |  1- 3 |  4- 6 || total
-------------------------+-------+-------++-------
Melee: Club              |     8 |       ||     8
       Dagger            |   143 |     2 ||   145
       Trident           |       |    77 ||    77
 Cast: Freeze            |    30 |     9 ||    39
       Ozocubu's Armour  |       |     1 ||     1
  Use: Scroll            |       |     8 ||     8
 Stab: Sleeping          |     7 |     4 ||    11
  Eat: Chunk             |     4 |     2 ||     6
       Ration            |     1 |       ||     1
Armor: Robe              |    15 |       ||    15
       Leather armour    |    19 |    17 ||    36
Dodge: Dodged            |   139 |    61 ||   200
